 Dungeon Crawl Stone Soup version 0.19-a0-4-ga5c5ac4 (webtiles) character file.

1173 Jeelzebub the Covert (level 8, -1/46 HPs)
             Began as an Octopode Wanderer on Apr 28, 2016.
             Was a Believer of Dithmenos.
             Slain by a sky beast (6 damage)
             ... on level 7 of the Dungeon.
             The game lasted 00:09:03 (4964 turns).

Jeelzebub the Covert (Octopode Wanderer)            Turns: 4964, Time: 00:09:03

Health: -1/46      AC:  1    Str: 12    XL:     8   Next: 41%
Magic:  12/20      EV: 11    Int: 14    God:    Dithmenos [**....]
Gold:   189        SH:  0    Dex: 13    Spells: 4 memorised, 3 levels left

rFire  . . .     SeeInvis .     a - +0 dagger
rCold  . . .     Gourm    .     (no shield)
rNeg   . . .     Faith    .     (helmet restricted)
rPois  .         Spirit   .     (no amulet)
rElec  .         Dismiss  .     u - ring of magical power
rCorr  .         Reflect  .     (no ring)
SustAt .         Harm     .     (no ring)
MR     .....                    (no ring)
Stlth  +++++++++.               (no ring)
                                (no ring)
                                (no ring)
                                (no ring)

@: very slightly contaminated, wreathed by umbra, not resistant to hostile
enchantments, incredibly stealthy
A: almost no armour, amphibious, 8 rings, constrict 8, camouflage 1, gelatinous
body 1
a: Shadow Step, Renounce Religion


You were on level 7 of the Dungeon.
You worshipped Dithmenos.
Dithmenos was pleased with you.
You were very hungry.

You visited 2 branches of the dungeon, and saw 8 of its levels.

You collected 189 gold pieces.

Inventory:

Hand Weapons
 a - a +0 dagger (weapon)
Jewellery
 u - a ring of magical power (left tentacle)
Wands
 x - a wand of digging (13/24)
 y - a wand of random effects (32/48)
Scrolls
 c - 3 scrolls of teleportation
 h - a scroll of noise {unknown}
 j - a scroll of fog {unknown}
 m - a scroll of magic mapping {unknown}
 n - 6 scrolls of remove curse {unknown}
 o - 5 scrolls of identify {unknown}
 v - a scroll of fear {unknown}
 w - 2 scrolls of enchant weapon {unknown}
Potions
 i - 2 potions of lignification
 k - 2 potions of berserk rage {unknown}
 l - 2 potions of invisibility {unknown}
 p - a potion of haste {unknown}
 q - a potion of resistance {unknown}
 s - 3 potions of heal wounds {unknown}
 t - a potion of flight {unknown}
Books
 b - Xeth's Incunabulum of the Blaze

   Spells                             Type                      Level
   a - Flame Tongue                   Conjuration/Fire             1
   b - Inner Flame                    Hexes/Fire                   3
   Dithmenos disapproves of the use of such an item.
 d - a book of Battle

   Spells                             Type                      Level
   a - Infusion                       Charms                       1
   b - Shroud of Golubria             Charms/Translocation         2
   c - Song of Slaying                Charms                       2
   d - Spectral Weapon                Hexes/Charms                 3
   e - Regeneration                   Charms/Necromancy            3
Comestibles
 f - 6 bread rations
 g - 5 meat rations
 r - 6 fruits
 z - a slice of pizza
 A - a beef jerky
 B - a royal jelly


   Skills:
 + Level 4.0 Short Blades
 - Level 12.2 Stealth
 - Level 2.0 Spellcasting
 - Level 6.0 Charms
 - Level 1.1 Evocations


You had 3 spell levels left.
You knew the following spells:

 Your Spells              Type           Power        Failure   Level  Hunger
a - Infusion              Chrm           ###.         1%          1    ##.....
b - Shroud of Golubria    Chrm/Tloc      #.........   12%         2    ###....
c - Song of Slaying       Chrm           ###.....     2%          2    ###....
d - Regeneration          Chrm/Necr      #.........   21%         3    ####...


Dungeon Overview and Level Annotations

Branches:
Dungeon (7/15)             Temple (1/1) D:6

Altars:
Ashenzari
Dithmenos
Fedhas
Gozag
Kikubaaqudgha
Nemelex Xobeh
Okawaru
Pakellas
Qazlal
Sif Muna
Yredelemnul
Zin
The Shining One

Annotations:
D:2 Terence
D:4 shinino's ghost, novice GrFi
D:5 Raderak's ghost, novice FoFi


Innate Abilities, Weirdness & Mutations

You cannot wear most types of armour.
You are amphibious.
You can wear up to eight rings at the same time.
You can use your tentacles to constrict eight enemies at once.
Your skin changes colour to match your surroundings (Stealth).
Your rubbery body absorbs attacks (AC +1).


Message History

The sky beast shocks you.
You hit the sky beast. You squeeze the sky beast!
The sky beast is almost dead.
The sky beast hits you. The sky beast shocks you.
* * * LOW HITPOINT WARNING * * *
You are no longer magically infusing your attacks.
Your skin stops crawling.
The sky beast flickers out of sight!
Deactivating autopickup; reactivate with Ctrl-A.
Casting: Infusion
Confirm with . or Enter, or press ? or * to list all spells.
You miscast Regeneration.
Something hits you.
* * * LOW HITPOINT WARNING * * *
Something shocks you.
* * * LOW HITPOINT WARNING * * *
Drink which item? (? for menu, Esc to quit)
You feel better. Something hits you.
* * * LOW HITPOINT WARNING * * *
Something shocks you.
You die...

### ####.# ###+#####
##.#....###........
...................
#.#.##.###........
##. #.# #........
...# #.###@......(
#..#.##............
#..#...............
#..#######.........
##..#...............
+...#.#####.#####.##
#......# #.# .#
#...#..####.# .
#.#.#.......#


There were no monsters in sight!

Vanquished Creatures
  A water moccasin (D:5)
  A phantom (D:6)
  2 black bears
  A sky beast (D:7)
  2 centaurs (D:6)
  A big kobold (D:7)
  Blork the orc (D:5)
  A scorpion (D:6)
  A howler monkey (D:7)
  2 centaur zombies (D:5)
  An iguana (D:6)
  A worker ant (D:6)
  8 adders
  4 gnolls (D:3)
  2 shadow imps
  2 oozes (D:3)
  An adder skeleton (D:6)
  3 dart slugs
  2 orcs
  A ball python (D:3)
  13 bats
  5 giant cockroaches
  5 goblins
  4 hobgoblins
  3 jackals (D:4)
  2 quokkas
  3 giant newts
  11 kobolds
  A quokka zombie (D:6)
  7 rats
92 creatures vanquished.

Notes
Turn   | Place    | Note
--------------------------------------------------------------
     0 | D:1      | Jeelzebub the Octopode Wanderer began the quest for the Orb.
     0 | D:1      | Jeelzebub set off with: a book of Battle, Xeth's Incunabulum of the Blaze, a scroll of teleportation, a +0 dagger, a bread ration
     0 | D:1      | Reached XP level 1. HP: 11/11 MP: 3/3
     0 | D:1      | Identified Xeth's Incunabulum of the Blaze
     2 | D:1      | Learned a level 1 spell: Infusion
   168 | D:1      | Reached skill level 2 in Stealth
   236 | D:1      | Reached XP level 2. HP: 17/17 MP: 1/5
   251 | D:1      | Reached skill level 3 in Stealth
   258 | D:1      | Learned a level 2 spell: Shroud of Golubria
   261 | D:1      | Learned a level 2 spell: Song of Slaying
   698 | D:1      | Reached skill level 4 in Stealth
   787 | D:2      | Reached XP level 3. HP: 21/21 MP: 6/6
   929 | D:2      | Noticed Terence
  1520 | D:2      | Reached skill level 5 in Stealth
  1653 | D:2      | Reached XP level 4. HP: 26/27 MP: 7/7
  1803 | D:3      | Found an iron altar of Okawaru.
  1809 | D:3      | Found a faded altar to an unknown god.
  1991 | D:3      | Reached skill level 6 in Stealth
  2033 | D:3      | Became a worshipper of Dithmenos the Shadowed
  2033 | D:3      | Reached * piety under Dithmenos
  2105 | D:3      | Reached XP level 5. HP: 12/31 MP: 0/8
  2432 | D:3      | Learned a level 3 spell: Regeneration
  2459 | D:3      | Reached skill level 7 in Stealth
  2861 | D:4      | Noticed shinino's ghost (novice GrFi)
  2988 | D:5      | Entered Level 5 of the Dungeon
  3005 | D:5      | Noticed Blork the orc
  3009 | D:5      | Killed Blork the orc
  3009 | D:5      | Reached skill level 8 in Stealth
  3009 | D:5      | Reached XP level 6. HP: 30/36 MP: 9/9
  3484 | D:5      | Noticed a black bear
  3491 | D:5      | Killed a black bear
  3491 | D:5      | Reached skill level 9 in Stealth
  3595 | D:5      | Noticed a water moccasin
  3602 | D:5      | Killed a water moccasin
  3602 | D:5      | Reached ** piety under Dithmenos
  3602 | D:5      | Reached skill level 10 in Stealth
  3602 | D:5      | Reached XP level 7. HP: 36/41 MP: 10/10
  3626 | D:5      | Noticed Raderak's ghost (novice FoFi)
  3675 | D:6      | Reached skill level 11 in Stealth
  3956 | D:6      | Found a basalt altar of Yredelemnul.
  4045 | D:6      | Found a staircase to the Ecumenical Temple.
  4105 | Temple   | Entered the Ecumenical Temple
  4344 | D:6      | Reached skill level 12 in Stealth
  4350 | D:6      | Reached XP level 8. HP: 46/46 MP: 11/11
  4611 | D:7      | Reached skill level 1 in Short Blades
  4964 | D:7      | Slain by a sky beast

Vault maps used:
D:1:      lemuel_arrival_behind_the_door_small, minmay_misc_feat_diagonals
D:2:      uniq_terence
D:3:      overflow_temple_1_default, first_bread, ecumenical_altar_2,
          eino_tiny_chamber
D:4:      grunt_temple_overflow_champion_of_chaos, overflow_temple_1_default,
          uniq_sigmund
D:5:      uniq_blork_the_orc
D:6:      kennysheep_mini_moat, temple_pool_b
Temple:   chambers_temple_10

Skill      XL: |  1  2  3  4  5  6  7  8 |
---------------+-------------------------+-----
Stealth        | 2 4 5 6 8 10 12 | 12.2
Short Blades   | 4 |  4.0
Spellcasting   | |  2.0
Charms         | |  6.0
Evocations     | |  1.1

Action                   |  1- 3 |  4- 6 |  7- 9 || total
-------------------------+-------+-------+-------++-------
Melee: Dagger            |    76 |   102 |    51 ||   229
       Constrict         |    19 |    15 |     5 ||    39
       Tentacles         |    11 |    12 |    11 ||    34
 Cast: Infusion          |     3 |     6 |     3 ||    12
       Shroud of Golubri |    12 |     6 |     4 ||    22
       Regeneration      |       |       |     4 ||     4
  Use: Potion            |       |     1 |     2 ||     3
 Stab: Sleeping          |    11 |    15 |    15 ||    41
  Eat: Chunk             |     3 |     6 |     5 ||    14
Armor: Skin              |     9 |    13 |     6 ||    28
Dodge: Dodged            |    47 |    67 |    21 ||   135
